 Dungeon Crawl Stone Soup version 0.30-a0-568-g124715a40b (webtiles) character file.

Game seed: 18169000219659323506

268 Hubris850 the Chopper (level 6, -1/46 HPs)
             Began as a Hill Orc Fighter on Dec 28, 2022.
             Succumbed to a gnoll's poison
             ... on level 3 of the Dungeon.
             The game lasted 00:05:59 (2616 turns).

Hubris850 the Chopper (Hill Orc Fighter)            Turns: 2616, Time: 00:05:59

Health: -1/46      AC: 10    Str: 21      XL:     6   Next: 21%
Magic:  6/6        EV:  9    Int:  8      God:
Gold:   146        SH:  4    Dex:  7 (10) Spells: 5/5 levels left

rFire   . . .      SeeInvis .    a - +0 war axe
rCold   . . .      Faith    .    c - +0 buckler
rNeg    . . .      Spirit   .    b - +0 scale mail
rPois   .          Reflect  .    l - +0 helmet
rElec   .          Harm     .    q - +0 cloak
rCorr   .          Rampage  .    (no gloves)
Will    +....                    j - +0 pair of boots Stlth
                                 (no amulet)
HPRegen 0.27/turn                (no ring)
MPRegen 0.10/turn                (no ring)

@: mighty, lethally poisoned (-1 -> -20)
A: deterioration 1, frail 1, strong-willed 1, devolution 1
a: no special abilities


You were on level 3 of the Dungeon.
You visited 1 branch of the dungeon, and saw 3 of its levels.

You collected 146 gold pieces.

Inventory:

Hand Weapons
 a - a +0 war axe (weapon)
 e - a +2 quarterstaff of chaos
Armour
 b - a +0 scale mail (worn)
 c - a +0 buckler (worn)
 d - a +2 robe of the Archmagi
 j - a +0 pair of boots (worn)
 l - a +0 helmet (worn)
 q - a +0 cloak (worn)
Magical Staves
 n - a staff of conjuration
Scrolls
 f - 4 scrolls of identify {unknown}
 g - 2 scrolls of noise {unknown}
 i - 2 scrolls of teleportation {unknown}
 m - a scroll of vulnerability {unknown}
 o - a scroll of poison {unknown}
Potions
 h - 5 potions of curing
 k - a potion of might
 p - a potion of lignification {unknown}
 r - a potion of brilliance {unknown}


   Skills:
 - Level 3.6 Fighting
 + Level 5.8 Axes
 - Level 4.0 Armour
 + Level 5.5 Shields


You had 5 spell levels left.
You didn't know any spells.
Your spell library contained the following spells:

 Spells                   Type           Power      Damage    Failure   Level
 Ozocubu's Armour         Ice            0%         N/A       99%         3
 Ozocubu's Refrigeration  Ice            0%         4d7       100%        7
 Borgnjor's Revivificati  Necr           0%         N/A       100%        8
 Necromutation            Tmut/Necr      0%         N/A       100%        8
 Death's Door             Necr           0%         N/A       100%        9


Dungeon Overview and Level Annotations

Branches:
Dungeon (3/15)

Altars:

Annotations:
D:3 1 transporter, Jase's ghost, amateur DrTm


Innate Abilities, Weirdness & Mutations

Your body sometimes deteriorates upon taking damage.
You are frail. (-10% HP)
You are strong-willed. (Will+)
You have hidden genetic defects.


Message History

Press: ? - help, . - travel, g - get item You can't see that place. [Stash: a manual of Fighting] [the floor.] Unknown command.
Unknown command.
Unknown command.
You enter the transporter and appear at another place.
The gnoll barely misses you.
You feel very mighty all of a sudden. The gnoll hits you but does no damage.
The gnoll hits you from afar with a +0 halberd of venom.
You are poisoned.
You barely miss the gnoll.
You feel very sick. The gnoll misses you.
The gnoll hits you from afar with a +0 halberd of venom!
Your body deteriorates!
You feel clumsy.
You are more poisoned.
You slash the gnoll!
You kill the gnoll!
Your body deteriorates!
You feel clumsy.
You feel extremely sick.
The gnoll hits you from afar with a +0 halberd of venom.
You are more poisoned.
The gnoll barely misses you.
* * * LOW HITPOINT WARNING * * *
You feel extremely sick. The gnoll hits you but does no damage.
You see here a +0 club.
You slash the gnoll!
The gnoll is severely wounded.
* * * LOW HITPOINT WARNING * * *
Your body deteriorates!
You feel clumsy.
You feel extremely sick.
The gnoll hits you from afar with the +0 halberd of the Rattlesnake {pain, rC+++ MP-9 Int+2 Dex-3}.
* * * LOW HITPOINT WARNING * * *
The gnoll barely misses you.
You slash the gnoll!
You kill the gnoll!
You die...

###........................)).# #
..#.≈≈≈≈≈≈≈≈≈≈≈...≈≈≈≈≈≈≈≈≈≈≈.###
....≈≈≈≈≈≈≈≈≈≈≈...≈≈≈≈≈≈≈≈≈≈≈.#..
....≈≈#####...........#####≈≈.#..
....≈≈#.#.#.###.©.###.#W#.#≈≈....
....≈≈#...###g#####g###...#≈≈....
....≈≈### ......g.......###≈≈....
.÷..≈≈.8#.######'######.#8.≈≈.#..
#...≈≈.##.#ggg#8@)#.⌠.#.##.≈≈.###
#...~~.#. '..:#⌠©.....'..#.~~....
#...≈≈.##.#...#8..#.⌠.#.##.≈≈....
#...≈≈.8# ######'######.#8.≈≈.###
#†..≈≈### . .......g....###≈≈.#
#...≈≈#...###.#####g###.gW#≈≈.#
#...≈≈#.#.#.###.©.###.#.#g#≈≈.###
#...≈≈#####...........#####≈≈.#..
#...≈≈≈≈≈≈≈≈≈≈≈≈~≈≈≈≈≈≈≈≈≈≈≈≈....


You could see a gnoll.

Vanquished Creatures
  Crazy Yiuf (D:3)
  Jessica (D:2)
  Natasha (thrice) (D:2)
  Robin (D:2)
  2 gnolls (D:3)
  3 adders
  A dart slug (D:2)
  8 orcs (D:3)
  5 endoplasms
  5 giant cockroaches
  14 goblins
  8 hobgoblins
  2 jackals (D:1)
  3 quokkas
  7 ball pythons
  3 bats
  3 frilled lizards
  6 kobolds
  7 rats
83 creatures vanquished.

Vanquished Creatures (others)
  12 plants
  10 withered plants (D:1)
22 creatures vanquished.

Grand Total: 105 creatures vanquished

Notes
Turn   | Place    | Note
-------+----------+-------------------------------------------
     0 | D:1      | Hubris850 the Hill Orc Fighter began the quest for the Orb.
     0 | D:1      | Reached XP level 1. HP: 19/19 MP: 1/1
    88 | D:1      | Reached XP level 2. HP: 27/27 MP: 2/2
   438 | D:1      | Reached XP level 3. HP: 29/33 MP: 3/3
   533 | D:1      | Found a faded altar of an unknown god.
   685 | D:2      | Noticed Jessica
   705 | D:2      | Killed Jessica
   814 | D:2      | Noticed Natasha
   822 | D:2      | Killed Natasha
   823 | D:2      | Reached XP level 4. HP: 40/40 MP: 4/4
   833 | D:2      | Noticed Natasha
   851 | D:2      | Killed Natasha
   980 | D:2      | Noticed Natasha
   987 | D:2      | Killed Natasha
   988 | D:2      | Reached XP level 5. HP: 41/46 MP: 5/5
  1258 | D:2      | Noticed Robin
  1284 | D:2      | Reached skill level 5 in Axes
  1287 | D:2      | Killed Robin
  1288 | D:2      | Reached skill level 5 in Shields
  1941 | D:3      | Found a runed translucent door.
  1942 | D:3      | Noticed Crazy Yiuf
  1946 | D:3      | Gained mutation: Your body sometimes deteriorates upon
                  | taking damage. [potion of mutation]
  1946 | D:3      | Gained mutation: You have hidden genetic defects. [potion
                  | of mutation]
  1946 | D:3      | Gained mutation: You are strong-willed. (Will+) [potion of
                  | mutation]
  1951 | D:3      | HP: 1/46 [Crazy Yiuf/+2 quarterstaff of chaos (5)]
  1952 | D:3      | Killed Crazy Yiuf
  1953 | D:3      | Reached XP level 6. HP: 1/52 MP: 6/6
  1970 | D:3      | Gained mutation: You are frail. (-10% HP) [hidden defects]
  2285 | D:3      | Found a transporter.
  2287 | D:3      | Identified the +0 halberd of the Rattlesnake {pain, rC+++
                  | MP-9 Int+2 Dex-3}
  2449 | D:3      | Noticed Jase's ghost (amateur DrTm)
  2474 | D:3      | Found a transporter.
  2616 | D:3      | Succumbed to a gnoll's poison

Illustrated notes

Levels and vault maps discovered:
D:1:      ebering_hopf_link, layout_basic, shapermc_ecumenical_altar_flowoftime,
          minmay_misc_feat_alley
D:2:      minmay_door_path, layout_basic, grunt_decor_fettered, uniq_jessica,
          uniq_robin, uniq_natasha
D:3:      layout_basic, gammafunk_ghost_gnarly_gnolls,
          nicolae_figureground_sparkle, uniq_crazy_yiuf_cottage

Skill      XL: |  1  2  3  4  5 |
---------------+----------------+-----
Axes           | 3 4 5 |  5.8
Armour         | 4 |  4.0
Shields        | 4 5 |  5.5
Fighting       | |  3.6

Action                   |  1- 3 |  4- 6 || total
-------------------------+-------+-------++-------
Melee: War axe           |   105 |   152 ||   257
  Use: Potion            |     1 |     3 ||     4
Armor: Scale mail        |    35 |    72 ||   107
Dodge: Dodged            |    45 |    66 ||   111
Block: Buckler           |    28 |    30 ||    58

Table legend: (Time is in decaauts)
 A = Elapsed time spent in this place.
 B = Non-inter-level travel time spent in this place.
 C = Inter-level travel time spent in this place.
 D = Time resting spent in this place.
 E = Time spent auto-exploring this place.
 F = Levels seen in this place.
 G = Mean time per level.
                   A        B        C        D        E       F      G
               +--------+--------+--------+--------+--------+-----+--------+
         Total |   2700 |   2601 |     99 |     94 |   1889 |   3 |  900.0 |
       Dungeon |   2700 |   2601 |     99 |     94 |   1889 |   3 |  900.0 |
               +--------+--------+--------+--------+--------+-----+--------+

Top non-repeatable levels by time:
     D:2: 1119 daAuts
     D:3: 879 daAuts
     D:1: 701 daAuts
